 Dungeon Crawl Stone Soup version 0.30-a0-830-gfe289a77b0 (webtiles) character file.

Game seed: 6986441323452655392

615 bande the Chopper (level 7, -7/44 HPs)
             Began as a Gargoyle Fighter on Feb 28, 2023.
             Mangled by an ogre
             ... wielding a +0 giant spiked club
              (18 damage)
             ... on level 5 of the Dungeon.
             The game lasted 00:06:10 (3349 turns).

bande the Chopper (Gargoyle Fighter)                Turns: 3349, Time: 00:06:10

Health: -7/44      AC: 18    Str: 20    XL:     7   Next: 45%
Magic:  7/7        EV:  5    Int:  8    God:
Gold:   181        SH:  4    Dex: 11    Spells: 6/6 levels left

rFire   . . .      SeeInvis .    a - +0 war axe
rCold   . . .      Faith    .    c - +0 buckler
rNeg    + . .      Spirit   .    i - +0 plate armour
rPois   ∞          Reflect  .    f - +0 helmet
rElec   +          Harm     .    (no cloak)
rCorr   .          Rampage  .    (no gloves)
Will    .....                    (no boots) Stlth
                                 g - amulet of regeneration
HPRegen 1.07/turn                (no ring)
MPRegen 0.10/turn                (no ring)

@: no status effects
A: sickness immunity, AC +4, negative energy resistance 1, electricity
resistance, torment resistance 1, petrification resistance
a: no special abilities


You were on level 5 of the Dungeon.
You visited 1 branch of the dungeon, and saw 6 of its levels.
You also visited: Sewer.

You collected 181 gold pieces.

Inventory:

Hand Weapons
 a - a +0 war axe (weapon)
 p - a +0 flail
Missiles
 q - 2 throwing nets (quivered)
Armour
 c - a +0 buckler (worn)
 f - a +0 helmet (worn)
 i - a +0 plate armour (worn)
Jewellery
 b - an amulet of reflection
 g - an amulet of regeneration (around neck)
 l - a ring of protection from cold
Wands
 r - a wand of light (14)
Scrolls
 e - 7 scrolls of teleportation
 h - 9 scrolls of identify
 j - a scroll of poison
 k - a scroll of fear
 s - a scroll of amnesia
Potions
 d - 6 potions of might
 m - a potion of ambrosia {unknown}
 n - a potion of invisibility
 o - a potion of berserk rage
 t - 2 potions of heal wounds {unknown}
 u - 2 potions of resistance {unknown}


   Skills:
 + Level 4.4 Fighting
 + Level 5.3 Axes
 + Level 4.7 Armour
 + Level 4.3 Shields
 * Level 1.8 Evocations


You had 6 spell levels left.
You didn't know any spells.
Your spell library contained the following spells:

 Spells                   Type           Power      Damage    Failure   Level
 Ensorcelled Hibernation  Hex/Ice        0%         N/A       100%        2
 Passwall                 Tmut/Erth      0%         N/A       100%        2
 Swiftness                Air            0%         N/A       100%        3


Dungeon Overview and Level Annotations

Branches:
Dungeon (6/15)             Temple (0/1) D:6           Sewer (visited)

Altars:
Kikubaaqudgha

Shops:
D:4 =   D:6 (


Innate Abilities, Weirdness & Mutations

You are immune to sickness and miasma.
Your stone body is resilient. (AC +4)
You are immune to poison.
You resist negative energy. (rN+)
You are resistant to electric shocks. (rElec)
You are resistant to unholy torment.
You are immune to petrification.


Message History

The centaur hits you but does no damage.
The centaur kicks you but does no damage.
The centaur barely misses you.
The centaur kicks you but does no damage.
You hit the ogre but do no damage.
The ogre is severely wounded.
You hit the centaur but do no damage. The centaur barely misses you.
The centaur kicks you but does no damage.
The ogre barely misses you. The centaur hits you.
* * * LOW HITPOINT WARNING * * *
You block the centaur's attack.
You barely miss the ogre.
The ogre is severely wounded.
You barely miss the centaur.
The centaur hits you but does no damage.
The centaur kicks you but does no damage.
The ogre hits you but does no damage. The centaur barely misses you.
The centaur kicks you but does no damage.
You barely miss the ogre.
The ogre is severely wounded.
You hit the centaur. The centaur closely misses you. The centaur kicks you.
You block the ogre's attack.
The centaur hits you but does no damage.
The centaur kicks you.
* * * LOW HITPOINT WARNING * * *
You hit the ogre.
The ogre is severely wounded.
You barely miss the centaur.
The centaur hits you but does no damage.
The centaur kicks you but does no damage.
The ogre barely misses you.
The centaur hits you but does no damage.
The centaur completely misses you.
You hit the ogre.
The ogre is almost dead.
You hit the centaur. The centaur hits you.
* * * LOW HITPOINT WARNING * * *
The centaur kicks you but does no damage.
The ogre hits you with a +0 giant spiked club!!
You die...

##....#... #.....#...
##......... #.../.....
##.......# #
#........# .#
##........# ..#
#....@O...# ...#
##.....c...# ....#
#..........#
.....######..........#
##...##..........>#
#..#..............#
#)>#######........#
#))# ###....... #.##
......


You could see an ogre and a centaur.

Vanquished Creatures
  A bullfrog (D:6)
  A scorpion (D:4)
  A hound (D:6)
  2 jellies
  2 iguanas
  6 adders
  13 gnolls
  4 river rats
  2 worms
  3 dart slugs
  5 orcs (D:3)
  7 bats
  16 endoplasms
  6 giant cockroaches (Sewer)
  10 goblins
  12 hobgoblins
  3 jackals (D:1)
  2 quokkas
  11 ball pythons
  8 frilled lizards
  5 kobolds
  13 rats
133 creatures vanquished.

Notes
Turn   | Place    | Note
-------+----------+-------------------------------------------
     0 | D:1      | bande the Gargoyle Fighter began the quest for the Orb.
     0 | D:1      | Reached XP level 1. HP: 14/14 MP: 1/1
    61 | D:1      | Reached XP level 2. HP: 19/19 MP: 2/2
   846 | D:1      | Reached skill level 2 in Axes
   893 | D:1      | Reached XP level 3. HP: 23/23 MP: 3/3
  1420 | D:2      | Reached XP level 4. HP: 28/28 MP: 4/4
  1811 | D:3      | Found a faded altar of an unknown god.
  1859 | D:3      | Reached skill level 3 in Axes
  1903 | D:3      | Identified the +5 long sword of the Blushing Scorpion
                  | {freeze, Will+}
  1952 | D:3      | Reached XP level 5. HP: 32/32 MP: 5/5
  2592 | D:4      | Found Ocloobo's Jewellery Shoppe.
  2594 | D:4      | Reached skill level 4 in Axes
  2596 | D:4      | Reached XP level 6. HP: 37/38 MP: 6/6
  2666 | D:4      | Found an ancient bone altar of Kikubaaqudgha.
  2685 | D:4      | You fall into a shaft and drop 2 floors!
  2707 | D:6      | Found Zuwniasi's Antique Weapon Boutique.
  2839 | D:6      | Reached skill level 1 in Evocations
  2888 | D:6      | Reached XP level 7. HP: 38/43 MP: 7/7
  2940 | D:6      | Reached skill level 5 in Axes
  2949 | D:6      | Found a glowing drain.
  2964 | Sewer    | Entered a sewer
  3087 | Sewer    | Found a shimmering altar of Xom.
  3309 | D:5      | Entered Level 5 of the Dungeon
  3349 | D:5      | Mangled by an ogre

Illustrated notes

Levels and vault maps discovered:
D:1:      dpeg_arrival_subterranean_lakeside_camping, layout_loops_corners
D:2:      cheibrodos_greedy_goblins, layout_loops_ring
D:3:      layout_loops_ring, basic_ecumenical_altar
D:4:      layout_rooms, nicolae_kikubaaqudgha_miasma_corner, serial_shops,
          nicolae_stop_n_shop_1, kennysheep_windowed_goal
D:5:      layout_cave_pods, minmay_joined_circles
D:6:      layout_basic, minmay_temple_entry_nine_rooms, gup_sewer_entry_bubbles,
          serial_shops, nicolae_shop_crystal, item_on_display_a

Skill      XL: |  1  2  3  4  5  6  7 |
---------------+----------------------+-----
Axes           | 2 3 4 5 |  5.3
Armour         | 4 |  4.7
Shields        | 4 |  4.3
Fighting       | 4 |  4.4
Evocations     | 1 |  1.8

Action                     |  1- 3 |  4- 6 |  7- 9 || total
---------------------------+-------+-------+-------++-------
  Melee: War axe           |   120 |   206 |   134 ||   460
    Use: Scroll            |       |    11 |       ||    11
 Armour: Scale mail        |    75 |    62 |       ||   137
         Plate armour      |       |    59 |   116 ||   175
  Dodge: Dodged            |    79 |    85 |    29 ||   193
  Block: Buckler           |    23 |    48 |    36 ||   107

Table legend: (Time is in decaauts)
 A = Elapsed time spent in this place.
 B = Non-inter-level travel time spent in this place.
 C = Inter-level travel time spent in this place.
 D = Time resting spent in this place.
 E = Time spent auto-exploring this place.
 F = Levels seen in this place.
 G = Mean time per level.
                   A        B        C        D        E       F      G
               +--------+--------+--------+--------+--------+-----+--------+
         Total |   3575 |   3496 |     79 |    203 |   1994 |   7 |  510.7 |
       Dungeon |   3274 |   3195 |     79 |    203 |   1867 |   6 |  545.7 |
         Sewer |    300 |    300 |      0 |      0 |    126 |   1 |  300.0 |
               +--------+--------+--------+--------+--------+-----+--------+

Top non-repeatable levels by time:
     D:1: 1188 daAuts
     D:3: 848 daAuts
     D:2: 669 daAuts
     D:6: 425 daAuts
   Sewer: 300 daAuts
     D:4: 100 daAuts
     D:5: 43 daAuts
